Map: Dusk Towers

Players

루모 - Winner!

  • Race: Terran Terran
  • League: Diamond

ILLBdA

  • Race: Protoss Protoss
  • League: Diamond

VOD

Have the link to the VOD?

Description

Time

  • Played on: Dec. 15, 2015, 10:42 p.m.
  • Length: 3:04
Show
View Real Time Build Order
Export as new Build Order

루모 Terran - Winner!

Build Orders: Command Center First (CC) 

Get SALT Encoding   

  12  0:01  SCV  
  13  0:13  SCV  
  14  0:18  Supply Depot  
  14  0:25  SCV  
  15  0:40  SCV  
  16  0:52  SCV  
  17  1:00  Command Center  
  17  1:06  SCV  
  18  1:14  Barracks  
  18  1:18  SCV  
  19  1:22  Refinery  
  19  1:36  Command Center  
  19  1:44  Supply Depot  
  19  1:55  SCV  
  20  2:07  Marine  
  21  2:16  Bunker  
  21  2:25  Marine  
Show
View Real Time Build Order
Export as new Build Order

ILLBdA Protoss 

Build Orders:  

Get SALT Encoding   

  12  0:01  Probe (Chrono Boost)  
  13  0:11  Probe (Chrono Boost)  
  14  0:19  Pylon  
  14  0:22  Probe (Chrono Boost)  
  15  0:38  Probe (Chrono Boost), Forge  
  16  0:48  Probe (Chrono Boost)  
  17  0:59  Probe (Chrono Boost)  
  18  1:09  Probe (Chrono Boost)  
  19  1:20  Probe (Chrono Boost)  
  20  1:29  Pylon x2  
  20  1:30  Probe (Chrono Boost)  
  20  1:32  Pylon  
  21  1:45  Pylon  
  21  1:47  Pylon  
  21  1:53  Photon Cannon  
  21  1:57  Gateway  
  21  2:02  Pylon  
  21  2:04  Photon Cannon  
  20  2:10  Gateway  
  20  2:18  Photon Cannon  
  20  2:20  Photon Cannon  
  19  2:30  Probe (Chrono Boost)  
Tags
 
Add a new tag
Caveats
  • Supply blocks, unpowered buildings, or Contaminate may cause inaccurate times.
  • Supply counts are checked every 10 seconds.